 Dungeon Crawl Stone Soup version 0.24.0-10-g970556be89 (webtiles) character file.

Game seed: 10324998432470517070, levelgen mode: deterministic

151 wullow the Magician (level 5, -7/45 HPs)
             Began as a Naga Wanderer on Nov 3, 2019.
             Killed from afar by an orc wizard (12 damage)
             ... with a puff of flame
             ... on level 3 of the Dungeon.
             The game lasted 00:13:38 (2779 turns).

wullow the Magician (Naga Wanderer)                 Turns: 2779, Time: 00:13:40

Health: -7/45      AC:  3    Str: 16    XL:     5   Next: 33%
Magic:  5/11       EV:  9    Int: 10    God:
Gold:   123        SH:  0    Dex: 12    Spells: 7/12 levels left

rFire    . . .     SeeInvis +   v - +0 hand axe
rCold    . . .     Gourm    .   (no shield)
rNeg     . . .     Faith    .   e - +0 robe
rPois    +         Spirit   .   (no helmet)
rElec    .         Reflect  .   (no cloak)
rCorr    .         Harm     .   p - +0 pair of gloves
MR       .....                  (no barding)
Stlth    ++........             (no amulet)
HPRegen  0.15/turn              (no ring)
MPRegen  0.12/turn              (no ring)

@: about to teleport, very slightly contaminated, very slow
A: large, see invisible, deformed body, poison resistance, slowness 2, slow
metabolism 1, spit poison 1, AC +1
a: Spit Poison


You were on level 3 of the Dungeon.
You were not hungry.

You visited 1 branch of the dungeon, and saw 3 of its levels.

You collected 123 gold pieces.

Inventory:

Hand Weapons
 a - a +0 hand crossbow
 c - a +0 dagger
 m - a +0 hunting sling
 s - a +0 whip of venom
 v - a +0 hand axe (weapon)
Missiles
 b - 81 sling bullets
 d - 26 bolts
 i - 90 stones (quivered)
Armour
 e - a +0 robe (worn)
 p - a +0 pair of gloves (worn)
Jewellery
 x - a cursed -2 ring of protection {unknown}
Scrolls
 g - a scroll of immolation {unknown}
 h - a scroll of identify {unknown}
 j - 3 scrolls of teleportation
 l - 3 scrolls of amnesia {unknown}
 n - 3 scrolls of remove curse {unknown}
 o - a scroll of random uselessness {unknown}
 q - 2 scrolls of fog {unknown}
 t - a scroll of blinking {unknown}
 w - 3 scrolls of noise {unknown}
Potions
 k - a potion of haste {unknown}
 r - a potion of curing {unknown}
 u - a potion of heal wounds {unknown}
Comestibles
 f - 7 rations
 z - a chunk of flesh


   Skills:
 + Level 2.3 Fighting
 - Level 0.4 Short Blades
 + Level 0.3 Axes
 + Level 2.6 Crossbows
 - Level 1.0 Throwing
 + Level 1.9 Stealth
 * Level 4.4 Spellcasting
 + Level 0.5 Conjurations
 * Level 1.0 Summonings
 + Level 1.5 Air Magic
 + Level 1.4 Poison Magic
   Level 1.0 Evocations


You had 7 spell levels left.
You knew the following spells:

 Your Spells              Type           Power        Failure   Level  Hunger
a - Call Imp              Summ           #.......     24%         2    ##.....
b - Mephitic Cloud        Conj/Pois/Air  #.......     41%         3    ###....

Your spell library contained the following spells:

 Spells                   Type           Power        Failure   Level  Hunger
 Magic Dart               Conj           #...         21%         1    #......
 Flame Tongue             Conj/Fire      #....        22%         1    #......
 Blink                    Tloc           N/A          36%         2    ##.....
 Slow                     Hex            #.......     36%         2    ##.....
 Conjure Flame            Conj/Fire      #.......     54%         3    ###....
 Stone Arrow              Conj/Erth      #.....       54%         3    ###....


Dungeon Overview and Level Annotations

Branches:
Dungeon (3/15)

Altars:
Elyvilon
Qazlal


Innate Abilities, Weirdness & Mutations

You cannot wear boots.
Your serpentine skin is tough. (AC +1)
You have supernaturally acute eyesight. (SInv)
Armour fits poorly on your strangely shaped body.
Your system is resistant to poisons. (rPois)
You cover ground very slowly.
You have a slow metabolism.
You can spit poison.


Message History

The orc wizard closely misses you. The orc wizard casts a spell at you.
The magic dart hits you.
* * * LOW HITPOINT WARNING * * *
Your shadow imp hits the orc wizard.
You closely miss the orc wizard.
The orc wizard is severely wounded.
The orc wizard hits you with a +0 dagger.
* * * LOW HITPOINT WARNING * * *
Your shadow imp closely misses the orc wizard.
The orc wizard casts a spell at you. You resist with some effort.
You closely miss the orc wizard.
The orc wizard is severely wounded.
You hit the orc wizard.
The orc wizard hits you with a +0 dagger.
* * * LOW HITPOINT WARNING * * *
The orc wizard gestures at you while chanting.
The puff of flame hits you!
You die...

#. #?# #.......# #####....
###.##.### #.......#####
##.##
.........##...........####.#
#...##..###########......#
#.#.# #..# ##.#.###
#(.)###.)### #.#.<###
#g..###(.5.ยง5.# #.##....
#.# #.#o.##o# ####.###### #.
#..o(##@## #....#
#$.###.##o.# #.#### #(#.
#.###.### #.# . .. #o. #...#
#.# ?## ....###.###.# # o...
##.#...# #..#.### ## #..#..#
##. (.>.#..## #..


You could see 2 orc wizards and a friendly shadow imp.

Vanquished Creatures
  6 adders
  2 oozes
  A worm (D:3)
  3 dart slugs
  3 leopard geckos
  4 orcs (D:3)
  5 bats
  4 giant cockroaches
  10 goblins
  2 hobgoblins
  A jackal (D:3)
  3 quokkas
  A frilled lizard (D:1)
  4 kobolds (D:1)
  22 rats
  A toadstool (D:1)
72 creatures vanquished.

Vanquished Creatures (collateral kills)
  An adder (D:3)
  An orc (D:3)
  3 jackals (D:3)
  A rat (D:2)
6 creatures vanquished.

Vanquished Creatures (others)
  3 toadstools (D:1)
3 creatures vanquished.

Grand Total: 81 creatures vanquished

Notes
Turn   | Place    | Note
-------+----------+-------------------------------------------
     0 | D:1      | wullow the Naga Wanderer began the quest for the Orb.
     0 | D:1      | wullow set off with the following items: a +0 hand
                  | crossbow, 22 bolts, a +0 robe, a ration; and the following
                  | spells available to memorise: Flame Tongue, Magic Dart,
                  | Blink, Call Imp, Slow, Mephitic Cloud, Conjure Flame, Stone
                  | Arrow
     0 | D:1      | Reached XP level 1. HP: 18/18 MP: 5/5
   251 | D:1      | Reached XP level 2. HP: 25/25 MP: 7/7
   715 | D:1      | Reached skill level 1 in Stealth
   785 | D:1      | Reached XP level 3. HP: 31/31 MP: 8/8
   905 | D:1      | Learned a level 2 spell: Call Imp
   909 | D:1      | Learned a level 3 spell: Mephitic Cloud
  1561 | D:2      | Reached XP level 4. HP: 37/39 MP: 10/10
  1568 | D:2      | Reached skill level 1 in Poison Magic
  2224 | D:2      | Found a stormy altar of Qazlal.
  2363 | D:3      | Reached XP level 5. HP: 45/45 MP: 11/11
  2554 | D:3      | Found a white marble altar of Elyvilon.
  2724 | D:3      | Reached skill level 1 in Summonings
  2779 | D:3      | Killed from afar by an orc wizard

Levels and vault maps discovered:
D:1:      ldierk_water_garden, layout_loops_corners, grunt_decor_mini_mirrors,
          minivault_23
D:2:      layout_rooms, grunt_qazlal_clouds, minmay_rat_hole
D:3:      layout_rooms, lemuel_round_altar, first_ration, minmay_starry_boxes

Skill      XL: |  1  2  3  4  5 |
---------------+----------------+-----
Crossbows      | 2 |  2.6
Stealth        | 1 |  1.9
Fighting       | 2 |  2.3
Poison Magic   | 1 |  1.4
Summonings     | 1 |  1.0
Short Blades   | |  0.4
Axes           | |  0.3
Throwing       | |  1.0
Spellcasting   | |  4.4
Conjurations   | |  0.5
Air Magic      | |  1.5
Evocations     | |  1.0

Action                   |  1- 3 |  4- 6 || total
-------------------------+-------+-------++-------
Melee: Hand crossbow     |     1 |       ||     1
       Unarmed           |     1 |       ||     1
       Dagger            |     2 |     9 ||    11
       Hand axe          |       |    49 ||    49
 Fire: Hand crossbow     |    52 |    56 ||   108
 Cast: Call Imp          |       |    10 ||    10
 Abil: Spit Poison       |    16 |     8 ||    24
  Use: Scroll            |       |     1 ||     1
  Eat: Chunk             |     2 |     4 ||     6
Armor: Robe              |     3 |    29 ||    32
Dodge: Dodged            |    19 |    54 ||    73
